Map: Submarine LE

Players

Ziggy

  • Race: Terran Terran
  • League: Master
  • Spawn Location: 11:00

liquidthermy (uThermal) - Winner!

  • Race: Terran Terran
  • Spawn Location: 5:00

Event: DreamHack SC2 Masters 2020 Summer Europe

VOD

Have the link to the VOD?

Description

Time

  • Played on: July 2, 2020, 11:15 a.m.
  • Length: 4:26

All games in this series

Show
View Real Time Build Order
Export as new Build Order

Ziggy Terran 

Build Orders:  

Get SALT Encoding   

  12  0:00  SCV  
  13  0:12  SCV  
  14  0:17  Supply Depot  
  14  0:24  SCV  
  15  0:38  SCV  
  15  0:39  Barracks  
  16  0:42  Refinery  
  16  0:50  SCV  
  17  1:00  Barracks  
  17  1:02  SCV  
  18  1:14  SCV  
  20  1:25  Reaper  
  20  1:27  Orbital Command  
  20  1:30  Supply Depot  
  20  1:47  Reaper  
  20  1:52  SCV  
  22  2:01  Reaper  
  23  2:09  Command Center  
  23  2:11  SCV  
  24  2:16  Refinery  
  24  2:20  Reaper  
  25  2:23  SCV  
  26  2:35  SCV  
  27  2:38  Reaper  
  28  2:48  SCV  
  29  2:53  Command Center  
  29  3:00  SCV  
  30  3:08  Factory  
  30  3:09  Barracks Tech Lab  
  30  3:12  Barracks Reactor  
  29  3:23  Refinery, SCV  
  28  3:28  Marine  
  24  3:35  SCV  
  19  3:46  Marine, SCV  
  16  3:49  Marine x2  
  15  3:57  SCV  
  13  4:04  Marine  
  13  4:12  SCV  
Show
View Real Time Build Order
Export as new Build Order

liquidthermy Terran - Winner!

Build Orders:  

Get SALT Encoding   

  12  0:02  SCV  
  13  0:14  SCV  
  14  0:18  Supply Depot  
  14  0:26  SCV  
  15  0:39  SCV  
  15  0:41  Barracks  
  16  0:44  Refinery  
  16  0:51  SCV  
  17  0:59  Barracks  
  17  1:03  SCV  
  18  1:15  SCV  
  19  1:28  Orbital Command, Reaper  
  20  1:33  Supply Depot  
  20  1:48  Reaper  
  21  1:54  SCV  
  22  2:04  Reaper  
  22  2:08  SCV  
  24  2:15  Command Center  
  24  2:20  Reaper  
  24  2:21  SCV  
  26  2:23  Refinery  
  26  2:33  SCV  
  27  2:39  Reaper  
  27  2:40  Supply Depot  
  28  2:45  SCV  
  29  2:57  SCV  
  29  2:58  Marine  
  29  3:04  Factory  
  30  3:09  SCV  
  30  3:11  Marine  
  32  3:18  Marine  
  32  3:21  SCV  
  32  3:29  Marine  
  32  3:33  SCV  
  31  3:35  Marine  
  29  3:47  Marine  
  29  3:53  Marine  
  30  3:56  Orbital Command  
  30  3:59  SCV  
  31  4:05  Marine  
  32  4:12  SCV  
Tags
 
Add a new tag
Caveats
  • Supply blocks, unpowered buildings, or Contaminate may cause inaccurate times.
  • Supply counts are checked every 10 seconds.